AoeStats
← kaar

Fortress

509585538Analyzed
3v3 RM · 6d ago on Sep 27, 2026· 35m 53s· 6 players
Game mode
Random Map
Map size
Large (8 player)
Population
200
Speed
Normal
Resources
Standard
Victory
Conquest
Starting age
Dark Age
Ending age
Imperial Age
RankedLock teamsTeams togetherTeam positionsShared explorationLock speedFull tech treeHidden civsTurbo modeCheats
Victory
Defeat
🇨🇳 Japanese · China
1360
+14
🇨🇳 Hindustanis · China
1355
+14
🇻🇳 Danes · Vietnam
1340
+15
🇪🇸 Wu · Spain
1351
-15
🇮🇳 Lithuanians · India
1348
-16
🇮🇳 Hindustanis · India
1245
-12
bina
8:15 Feudal Age
11:54 Castle Age
9:41 Double-Bit Axe
9:38 Horse Collar
10:10 Gold Mining
10:30 Fletching
12:47 Bow Saw
14:53 Fervor
15:00 Squires
15:18 Gambesons
15:40 Loom
17:08 Scale Mail Armor
17:19 Forging
17:14 Arson
23:40 Heavy Plow
25:01 Wheelbarrow
28:15 Imperial Age
25:46 Pikeman
27:21 Chain Mail Armor
28:20 Hand Cart
28:28 Capped Ram
28:40 Halberdier
30:08 Plate Mail Armor
29:11 Hamask
31:14 Iron Casting
31:24 Conscription
31:35 Town Watch
32:29 Town Patrol
33:21 Siege Ram
35:21 Blast Furnace
33:44 Northmen's Fury
34:58 Bodkin Arrow
35:51 Elite Varangian Guard
胖过
6:24 Feudal Age
11:08 Castle Age
8:56 Double-Bit Axe
9:35 Horse Collar
12:32 Bow Saw
14:29 Heavy Plow
18:10 Wheelbarrow
18:38 Grand Trunk Road
19:31 Gold Mining
21:41 Gold Shaft Mining
21:36 Stone Mining
25:36 Imperial Age
23:23 Hand Cart
23:22 Loom
23:22 Town Watch
24:07 Scale Barding Armor
24:13 Forging
24:21 Bloodlines
24:24 Husbandry
25:51 Heavy Camel Rider
26:54 Conscription
26:35 Shatagni
28:10 Stone Shaft Mining
27:29 Imperial Camel Rider
29:57 Chain Barding Armor
30:20 Iron Casting
33:09 Chemistry
630406632
7:52 Feudal Age
11:57 Castle Age
9:48 Double-Bit Axe
9:50 Horse Collar
12:45 Arson
13:12 Bow Saw
13:45 Scale Mail Armor
16:54 Wheelbarrow
17:07 Fletching
17:32 Gold Mining
18:42 Chain Mail Armor
18:56 Loom
19:53 Squires
20:55 Forging
21:01 Gambesons
23:10 Stone Mining
26:57 Imperial Age
24:27 Bodkin Arrow
25:22 Gold Shaft Mining
26:09 Hand Cart
26:08 Heavy Plow
27:13 Yasama
28:16 Conscription
29:00 Two-Man Saw
27:59 Town Watch
27:38 Pikeman
28:53 Kataparuto
30:12 Chemistry
29:33 Ballistics
30:16 Plate Mail Armor
30:35 Bracer
30:43 Elite Samurai
32:26 Iron Casting
32:17 Guard Tower
32:13 Arrowslits
33:50 Keep
33:24 Caravan
33:15 Halberdier
34:49 Masonry
35:00 Padded Archer Armor
36:00 Blast Furnace
35:06 Elite Skirmisher
jAi
7:10 Feudal Age
8:25 Double-Bit Axe
11:25 Castle Age
9:31 Horse Collar
12:35 Wheelbarrow
12:51 Bow Saw
19:12 Scale Barding Armor
19:18 Forging
21:34 Iron Casting
21:52 Bloodlines
23:46 Chain Barding Armor
24:46 Fervor
24:55 Loom
28:56 Imperial Age
28:30 Sanctity
29:32 Gold Mining
30:08 Block Printing
30:39 Illumination
30:56 Theocracy
31:02 Plate Barding Armor
30:54 Conscription
30:37 Town Watch
32:32 Pikeman
33:13 Squires
33:15 Tower Shields
33:39 Halberdier
kaar
6:03 Feudal Age
10:54 Castle Age
9:09 Double-Bit Axe
9:32 Horse Collar
11:54 Heavy Plow
15:58 Bow Saw
18:45 Wheelbarrow
17:58 Loom
18:01 Town Watch
20:08 Gold Mining
20:11 Stone Mining
21:52 Scale Mail Armor
22:05 Forging
25:45 Imperial Age
24:20 Hand Cart
24:37 Husbandry
24:50 Bloodlines
25:41 Grand Trunk Road
25:45 Padded Archer Armor
26:21 Iron Casting
26:33 Scale Barding Armor
25:53 Heavy Camel Rider
28:53 Chemistry
28:02 Siege Engineers
28:23 Conscription
29:22 Chain Barding Armor
28:56 Imperial Camel Rider
30:52 Plate Barding Armor
32:44 Leather Archer Armor
33:20 Shatagni
34:27 Ring Archer Armor
34:20 Ballistics
34:11 Masonry
Cris Jr.
7:41 Feudal Age
8:24 Double-Bit Axe
12:58 Castle Age
11:41 Gold Mining
11:52 Horse Collar
12:58 Fletching
14:07 Padded Archer Armor
14:20 Loom
15:48 Bow Saw
16:29 Bodkin Arrow
21:28 Wheelbarrow
21:04 Stone Mining
23:05 Leather Archer Armor
23:31 Ballistics
24:50 Stone Shaft Mining
24:51 Hand Cart
24:50 Town Watch
27:20 Gold Shaft Mining
26:50 Heavy Plow
32:15 Imperial Age
30:13 Guard Tower
30:50 Red Cliffs Tactics
31:34 Forging
31:25 Scale Mail Armor
33:31 Conscription
34:25 Chemistry
33:59 Squires
34:35 Elite Fire Archer
Connection lost

Rejoining the realm…

Still unreachable

The connection could not be restored.

Session expired

The server has moved on; the page needs a fresh start.